 Dungeon Crawl Stone Soup version 0.25-a0-36-g303dd5b1f4 (webtiles) character file.

Game seed: 7270609314586465494, levelgen mode: deterministic

268 Conn the Sneak (level 6, -6/37 HPs)
             Began as an Octopode Fire Elementalist on Oct 20, 2019.
             Killed from afar by a frilled lizard (37 damage)
             ... with an exploding inner flame
             ... hexed by the player character
             ... on level 4 of the Dungeon.
             The game lasted 00:11:49 (2901 turns).

Conn the Sneak (Octopode Fire Elementalist)         Turns: 2901, Time: 00:11:50

Health: -6/37      AC:  1    Str: 12    XL:     6   Next: 21%
Magic:  1/11       EV: 14    Int: 19    God:
Gold:   149        SH:  0    Dex: 12    Spells: 4/11 levels left

rFire    . . .     SeeInvis .   k - +4 whip of Putatzyr {slash, +Inv rF- MR+ Str+4}
rCold    . . .     Gourm    .   (no shield)
rNeg     . . .     Faith    .   (helmet restricted)
rPois    +         Spirit   .   (no amulet)
rElec    .         Reflect  .   m - ring of poison resistance
rCorr    +         Harm     .   n - ring of resist corrosion
MR       +....                  d - ring of protection from fire
Stlth    ++++......             (no ring)
HPRegen  0.12/turn              (no ring)
MPRegen  0.12/turn              (no ring)
                                (no ring)
                                (no ring)

@: very slightly contaminated, hasted, very quick
A: almost no armour, stealthy swim, amphibious, 8 rings, constrict 8, camouflage
1, gelatinous body 1
a: Evoke Invisibility


You were on level 4 of the Dungeon.
You were very hungry.

You visited 1 branch of the dungeon, and saw 4 of its levels.

You collected 149 gold pieces.

Inventory:

Hand Weapons
 c - a +0 short sword
 k - the +4 whip of Putatzyr (weapon) {slash, +Inv rF- MR+ Str+4}
   (You found it on level 4 of the Dungeon)

   It inflicts extra damage upon your enemies.
   It affects your strength (+4).
   It makes you vulnerable to fire.
   It affects your resistance to hostile enchantments.
   It lets you turn invisible.
Missiles
 g - 27 poisoned darts (quivered)
Jewellery
 d - a ring of protection from fire (on tentacle)
 m - a ring of poison resistance (left tentacle)
 n - a ring of resist corrosion (right tentacle)
Scrolls
 f - 4 scrolls of identify
 h - a scroll of teleportation
 i - a scroll of remove curse
 l - a scroll of fog
 o - a scroll of enchant weapon {unknown}
Potions
 j - a potion of degeneration {unknown}
 p - 2 potions of flight {unknown}
Comestibles
 b - 6 rations


   Skills:
 + Level 0.9 Fighting
 + Level 1.5 Short Blades
 + Level 0.1 Maces & Flails
 + Level 0.1 Throwing
 + Level 2.7 Dodging
 + Level 4.5 Stealth
 * Level 3.3 Spellcasting
 * Level 1.9 Conjurations
 + Level 4.0 Fire Magic


You had 4 spell levels left.
You knew the following spells:

 Your Spells              Type           Power        Failure   Level  Hunger
a - Flame Tongue          Conj/Fire      ##...        4%          1    None
b - Conjure Flame         Conj/Fire      ##......     13%         3    ###....
c - Inner Flame           Hex/Fire       ##......     19%         3    ###....

Your spell library contained the following spells:

 Spells                   Type           Power        Failure   Level  Hunger
 Throw Flame              Conj/Fire      ##....       7%          2    ##.....
 Sticky Flame             Conj/Fire      ##......     41%         4    ####...
 Fireball                 Conj/Fire      ##........   77%         5    ######.


Dungeon Overview and Level Annotations

Branches:
Dungeon (4/15)
 Temple: D:4-7

Altars:
Ashenzari
Trog
Xom

Annotations:
D:4 Dowan


Innate Abilities, Weirdness & Mutations

You cannot wear most types of armour.
You are very stealthy in the water. (Stealth+)
You are amphibious.
You can wear up to eight rings at the same time.
You can use your tentacles to constrict eight enemies at once.
Your skin changes colour to match your surroundings (Stealth+).
Your rubbery body absorbs attacks. (AC +1, EV +1)


Message History

Increase (S)trength, (I)ntelligence, or (D)exterity?
You feel clever. Dowan hits you with a +0 dagger.
Okay, then.
Unknown command.
It was a potion of heal wounds.
You feel much better. Dowan barely misses you.
It was a potion of haste.
You feel yourself speed up. Dowan hits you with a +0 dagger.
Dowan closely misses you.
You closely miss Dowan. Your grab misses Dowan.
Dowan hits you with a +0 dagger.
You closely miss Dowan. You grab Dowan. You constrict Dowan, but do no damage.
Dowan closely misses you.
You barely miss Dowan. You constrict Dowan.
Dowan gestures wildly while chanting.
Dowan blinks free!
You hit the frilled lizard.
The frilled lizard explodes!
The fiery explosion engulfs you!!!
Ouch! That really hurt!
You die...

.. #.# .. #.# ..#
#.# ...##.###
...#..> #.....
#..#.# #..#@#
#..#§## .
###..§§.#########..#
#...<#......#.....#
#.##......#e.e...#
.. #......###.##....
. #......# .# #
#......# .# #......#
..


There were no monsters in sight!

Vanquished Creatures
  Duvessa (D:4)
  Terence (D:2)
  Robin (D:2)
  5 adders (D:3)
  An ooze (D:3)
  A dart slug (D:2)
  A leopard gecko (D:3)
  An orc (D:3)
  5 bats
  2 giant cockroaches
  15 goblins
  12 hobgoblins
  12 kobolds
  A quokka (D:2)
  3 ball pythons
  5 frilled lizards
  7 rats
74 creatures vanquished.

Notes
Turn   | Place    | Note
-------+----------+-------------------------------------------
     0 | D:1      | Conn the Octopode Fire Elementalist began the quest for the
                  | Orb.
     0 | D:1      | Reached XP level 1. HP: 11/11 MP: 3/3
   184 | D:1      | Reached XP level 2. HP: 17/17 MP: 5/5
   570 | D:1      | Reached XP level 3. HP: 21/21 MP: 6/6
   893 | D:2      | Found a shimmering altar of Xom.
   893 | D:2      | Found a shattered altar of Ashenzari.
   934 | D:2      | Noticed Robin
   960 | D:2      | Killed Robin
  1165 | D:2      | Reached XP level 4. HP: 21/27 MP: 7/7
  1251 | D:2      | Noticed Terence
  1735 | D:3      | Reached skill level 1 in Short Blades
  1808 | D:3      | Found a bloodstained altar of Trog.
  1999 | D:3      | Reached XP level 5. HP: 30/32 MP: 5/8
  2492 | D:2      | Learned a level 3 spell: Conjure Flame
  2496 | D:2      | Learned a level 3 spell: Inner Flame
  2547 | D:2      | Killed Terence
  2853 | D:4      | Noticed Dowan
  2861 | D:4      | Got a jewelled whip
  2862 | D:4      | Identified the +4 whip of Putatzyr {slash, +Inv rF- MR+
                  | Str+4} (You found it on level 4 of the Dungeon)
  2875 | D:4      | Noticed Duvessa
  2895 | D:4      | Killed Duvessa
  2895 | D:4      | Reached XP level 6. HP: 36/37 MP: 1/11
  2901 | D:4      | Killed from afar by a frilled lizard

Levels and vault maps discovered:
D:1:      roderic_chinese_lattice_arrival, layout_basic, hangedman_decor_growths
D:2:      layout_basic, gammafunk_temple_overflow_elements, first_ration,
          uniq_robin, uniq_terence
D:3:      layout_basic, bloody_trog, portal_sewer_entry_b
D:4:      layout_rooms, chequers_temple_overflow_statue_of_worship,
          okawaru_trees_2, uniq_duvessa, uniq_menkaure

Skill      XL: |  1  2  3  4  5 |
---------------+----------------+-----
Stealth        | 3 4 |  4.5
Short Blades   | 1 |  1.5
Spellcasting   | 3 |  3.3
Fire Magic     | 4 |  4.0
Fighting       | |  0.9
Maces & Flails | |  0.1
Throwing       | |  0.1
Dodging        | |  2.7
Conjurations   | |  1.9

Action                   |  1- 3 |  4- 6 || total
-------------------------+-------+-------++-------
Melee: Short sword       |    52 |    46 ||    98
       Constrict         |    13 |    17 ||    30
       Tentacles         |     7 |    10 ||    17
       Whip              |       |     9 ||     9
Throw: Dart              |     2 |     1 ||     3
 Cast: Flame Tongue      |    32 |    31 ||    63
       Conjure Flame     |       |     2 ||     2
       Inner Flame       |       |     1 ||     1
 Abil: Evoke Invisibilit |       |     1 ||     1
  Use: Scroll            |       |     6 ||     6
       Potion            |       |     2 ||     2
 Stab: Sleeping          |     6 |     6 ||    12
  Eat: Chunk             |     1 |     5 ||     6
Armor: Skin              |     5 |     7 ||    12
Dodge: Dodged            |    57 |    57 ||   114

Table legend:
 A = Non-vault XP
 B = Vault XP
 C = Vault XP percentage of total XP
 D = Non-vault monster count
 E = Vault monster count
 F = Vault count percentage of total count
                 A         B        C        D         E       F
            +---------+---------+-------+---------+---------+-------
      Total |     147 |     237 |  61.7 |      57 |      17 |  23.0
            +---------+---------+-------+---------+---------+-------
        D:1 |      36 |       0 |   0.0 |      24 |       0 |   0.0
        D:2 |      24 |      71 |  74.7 |      13 |      11 |  45.8
        D:3 |      87 |      19 |  17.9 |      20 |       5 |  20.0
        D:4 |       0 |     147 | 100.0 |       0 |       1 | 100.0
            +---------+---------+-------+---------+---------+-------
